AoeStats
← la Campanella

Arena

510097029Analyzed
4v4 RM · 3d ago on Sep 29, 2026· 54m 57s· 8 players
Game mode
Random Map
Map size
Large (8 player)
Population
200
Speed
Normal
Resources
Standard
Victory
Conquest
Starting age
Dark Age
Ending age
Imperial Age
RankedLock teamsTeams togetherTeam positionsShared explorationLock speedFull tech treeHidden civsTurbo modeCheats
Victory
Defeat
🇦🇷 Poles · Argentina
1221
+12
🇨🇳 Danes · China
1202
+13
🇩🇪 Portuguese · Germany
1136
+16
🇫🇷 Huns · France
1118
+16
🇻🇳 Teutons · Vietnam
1201
-16
🇨🇳 Slavs · China
1139
-15
🇨🇳 Turks · China
1114
-14
🇻🇳 Koreans · Vietnam
1063
-12
一叶知秋
10:52 Feudal Age
14:48 Castle Age
12:48 Horse Collar
13:25 Double-Bit Axe
15:58 Bow Saw
16:19 Heavy Plow
21:14 Wheelbarrow
24:13 Squires
23:33 Pikeman
24:58 Gold Mining
29:23 Imperial Age
26:42 Man-at-Arms
27:30 Scale Mail Armor
28:37 Forging
28:44 Chain Mail Armor
28:58 Ballistics
30:04 Iron Casting
29:36 Capped Ram
29:50 Long Swordsman
31:43 Plate Mail Armor
30:41 Two-Handed Swordsman
31:25 Siege Ram
37:33 Halberdier
39:11 Champion
lequochuypy96
11:44 Feudal Age
12:18 Double-Bit Axe
12:49 Horse Collar
13:39 Gold Mining
15:57 Castle Age
15:14 Wheelbarrow
17:23 Bow Saw
17:16 Heavy Plow
18:23 Hand Cart
20:53 Forging
20:13 Man-at-Arms
20:39 Gambesons
21:02 Long Swordsman
25:09 Squires
24:29 Pikeman
25:47 Scale Mail Armor
27:00 Chain Mail Armor
27:20 Iron Casting
26:53 Arson
27:49 Iron Casting
29:08 Loom
34:47 Imperial Age
32:16 Stone Mining
34:09 Scale Barding Armor
34:53 Stone Shaft Mining
35:12 Cavalier
36:03 Bloodlines
35:19 Two-Handed Swordsman
35:25 Halberdier
37:32 Two-Man Saw
36:08 Champion
38:14 Plate Mail Armor
41:12 Blast Furnace
41:26 Crop Rotation
41:19 Chain Barding Armor
43:03 Conscription
43:18 Hoardings
la Campanella
12:11 Feudal Age
16:16 Castle Age
16:36 Double-Bit Axe
16:33 Horse Collar
26:46 Fortified Wall
26:17 Treadmill Crane
31:40 Imperial Age
29:45 Gold Mining
31:33 Heavy Plow
31:51 Bow Saw
32:15 Masonry
32:45 Artillery
33:13 Fletching
33:25 Padded Archer Armor
33:33 Scale Barding Armor
34:37 Bodkin Arrow
35:40 Bombard Tower
37:57 Ballistics
37:23 Arrowslits
37:35 Murder Holes
38:23 Wheelbarrow
38:42 Bracer
38:54 Forging
41:47 Two-Man Saw
42:12 Bloodlines
42:03 Husbandry
44:24 Chain Barding Armor
45:38 Guilds
46:59 Plate Barding Armor
47:00 Iron Casting
47:19 Leather Archer Armor
50:19 Hand Cart
49:52 Town Watch
53:10 Blast Furnace
bthi68153
2:19 Loom
10:36 Feudal Age
17:00 Castle Age
15:17 Double-Bit Axe
15:34 Horse Collar
16:08 Gold Mining
24:28 Pikeman
31:06 Scale Mail Armor
31:08 Crossbowman
37:17 Imperial Age
35:47 Fletching
36:17 Chain Mail Armor
36:44 Light Cavalry
37:23 Capped Ram
39:14 Arbalester
41:58 Bodkin Arrow
42:55 Halberdier
46:05 Chemistry
Iced0ux
11:30 Feudal Age
16:57 Castle Age
15:28 Double-Bit Axe
15:27 Horse Collar
18:43 Bow Saw
22:39 Gold Mining
26:24 Bloodlines
26:15 Husbandry
26:30 Heavy Plow
26:43 Forging
26:39 Scale Barding Armor
27:03 Loom
27:54 Wheelbarrow
27:04 Town Watch
28:18 Gold Shaft Mining
27:36 Stone Mining
32:44 Iron Casting
32:29 Chain Barding Armor
35:54 Fletching
36:12 Light Cavalry
41:14 Bodkin Arrow
41:19 Padded Archer Armor
42:13 Ballistics
49:52 Imperial Age
47:38 Hand Cart
47:24 Town Patrol
48:22 Leather Archer Armor
51:13 Heavy Cavalry Archer
52:19 Parthian Tactics
51:58 Bracer
53:03 Chemistry
rdy2run ツ
0:28 Loom
13:22 Feudal Age
18:14 Castle Age
25:03 Imperial Age
27:23 Imperial Age
29:06 Chemistry
29:57 Ballistics
31:21 Conscription
37:07 Arquebus
53:22 Siege Engineers
咸鱼
11:03 Feudal Age
15:08 Castle Age
13:51 Double-Bit Axe
13:51 Horse Collar
18:33 Loom
24:03 Heavy Plow
24:14 Bow Saw
25:22 Wheelbarrow
25:44 Gold Mining
25:46 Stone Mining
29:28 Imperial Age
27:23 Forging
27:14 Scale Mail Armor
28:20 Gold Shaft Mining
27:16 Pikeman
28:01 Squires
27:48 Arson
29:19 Iron Casting
29:00 Chain Mail Armor
29:42 Elite Varangian Guard
30:14 Capped Ram
31:27 Conscription
33:14 Blast Furnace
34:05 Northmen's Fury
35:43 Hamask
38:48 Hand Cart
39:07 Plate Mail Armor
38:26 Elite Jomsviking
39:04 Town Watch
45:52 Masonry
49:52 Siege Ram
肥羊
9:04 Loom
11:18 Feudal Age
16:04 Castle Age
15:47 Horse Collar
15:54 Double-Bit Axe
18:38 Light Cavalry
19:19 Husbandry
22:34 Bloodlines
30:23 Imperial Age
28:33 Heavy Plow
28:52 Szlachta Privileges
30:13 Stone Mining
31:54 Conscription
35:18 Cavalier
36:22 Scale Barding Armor
36:28 Forging
36:46 Cavalier
37:20 Capped Ram
39:12 Siege Ram
41:56 Chain Barding Armor
41:34 Winged Hussar
47:08 Iron Casting
50:15 Wheelbarrow
53:02 Blast Furnace
52:04 Heavy Plow
53:33 Crop Rotation
54:01 Elite Obuch
Connection lost

Rejoining the realm…

Still unreachable

The connection could not be restored.

Session expired

The server has moved on; the page needs a fresh start.